 Dungeon Sprint DCSS version 0.17-a0-1830-g81820eb (webtiles) character file.

90 Kidiri the Shield-Bearer (level 4, 0/27 HPs)
             Began as a Gargoyle Fighter on Sept 13, 2015.
             Slain by a water elemental (16 damage)
             ... in the Dungeon (Sprint III: "The Ten Rune Challenge").
             The game lasted 00:02:35 (443 turns).

Kidiri the Shield-Bearer (Gargoyle Fighter)          Turns: 443, Time: 00:02:36

Health: 0/27       AC: 13    Str: 23    XL:     4   Next: 56%
Magic:  4/4        EV:  8    Int:  8    God:
Gold:   24         SH: 10    Dex:  9    Spells: 0 memorised, 3 levels left

rFire  . . .     SeeInvis .     a - +0 flail
rCold  . . .     Clarity  .     b - +0 scale mail
rNeg   + . .     SustAt   .     c - +0 shield
rPois  ∞         Gourm    .     (no helmet)
rElec  +         Spirit   .     (no cloak)
rCorr  .         Warding  .     (no gloves)
rMut   .         NoTele   +     (no boots)
MR     .....                    (no amulet)
Stlth  ..........               (no ring)
                                (no ring)

@: not resistant to hostile enchantments, extremely unstealthy
A: yellow scales 1, blink, frail 1, negative energy resistance 1, electricity
resistance, strong 1, unbreathing, evolution 1, petrification resistance, rot
immunity, AC +3
a: Blink


You were in the Dungeon.
You were not hungry.

You visited 1 branch You collected 24 gold pieces.

Inventory:

Hand weapons
 a - a +0 flail (weapon)
Armour
 b - a +0 scale mail (worn)
 c - a +0 shield (worn)
Scrolls
 k - a scroll of blinking
 p - a scroll of enchant weapon {unknown}
 q - a scroll of holy word {unknown}
 r - a scroll of immolation {unknown}
 s - a scroll of fear
 w - a scroll of torment {unknown}
 x - a scroll of remove curse {unknown}
Potions
 d - a potion of might
 f - a potion of curing
 g - a potion of heal wounds
 h - a potion of haste
 i - 2 potions of magic
 j - a potion of berserk rage
 u - a potion of lignification {unknown}
 v - 3 potions of flight
 z - a potion of cure mutation {unknown}
Comestibles
 e - a bread ration
 t - 7 fruits


   Skills:
 + Level 4.5 Fighting
 * Level 4.8 Maces & Flails
 * Level 5.7 Armour
 + Level 2.1 Dodging
 * Level 5.7 Shields


You had 3 spell levels left.
You didn't know any spells.

Dungeon Overview and Level Annotations

Branches:
Dungeon (1/1)

Altars:


Innate Abilities, Weirdness & Mutations

You are resistant to torment.
Your stone body is resilient (AC +3).
You are immune to poison.
You resist negative energy.
You are resistant to electric shocks.
You can survive without breathing.
You are immune to petrification.
You are immune to rotting.
You are partially covered in yellow scales (AC +2).
You can translocate small distances at will.
You are frail (-10% HP).
Your muscles are strong. (Str +2)
You evolve.


Message History

You barely miss the water elemental.
The water elemental is heavily damaged.
The water elemental hits you.
The water elemental engulfs you in water!
With effort, you pull free of the water engulfing you.
The water engulfing you falls away.
You hit the water elemental but do no damage.
The water elemental is heavily damaged.
The water elemental closely misses you. The water elemental hits you!
The water elemental engulfs you in water!
With effort, you pull free of the water engulfing you.
The water engulfing you falls away.
You hit the water elemental.
The water elemental is heavily damaged.
The water elemental hits you.
The water elemental engulfs you in water!
With effort, you pull free of the water engulfing you.
The water engulfing you falls away. The water elemental hits you!
Ouch! That really hurt!
You die...

▓...#......#####..#
▓..##.......#[.#..#
▓##.##.##...#..#..###+#+#
##.##.###..##+#..#......
▓#.####.##..###...'.⌠....
▓.###..##..####...#...###
▓#..÷..##..###....# ⌠.#
###..##...##.....# .#
##..##....#@E....# #
#..###..##.#.....# #..#
#..#####....# ▓▓▓▓ ▓▓▓▓
▓▓▓▓▓▓


You could see a water elemental.

Vanquished Creatures
  A scorpion (D)
  Jessica (D)
  A human (D)
  3 rats (D)
6 creatures vanquished.

Vanquished Creatures (others)
  2 draconian scorchers (D)
  2 yaktaurs (D)
  A plant (D)
5 creatures vanquished.

Grand Total: 11 creatures vanquished

Notes
Turn   | Place    | Note
--------------------------------------------------------------
     0 | D        | Kidiri the Gargoyle Fighter began the quest for the Orb.
     0 | D        | Reached XP level 1. HP: 14/14 MP: 1/1
   114 | D        | Noticed Jessica
   128 | D        | Killed Jessica
   128 | D        | Reached skill level 4 in Armour
   128 | D        | Reached skill level 1 in Dodging
   128 | D        | Reached XP level 2. HP: 18/20 MP: 2/2
   128 | D        | Reached XP level 3. HP: 21/24 MP: 3/3
   199 | D        | Killed a white draconian scorcher
   238 | D        | Reached skill level 5 in Armour
   238 | D        | Reached skill level 5 in Shields
   265 | D        | Killed a white draconian scorcher
   268 | D        | Killed a yaktaur
   339 | D        | Killed a yaktaur
   386 | D        | Noticed a scorpion
   391 | D        | Killed a scorpion
   391 | D        | Reached XP level 4. HP: 23/30 MP: 4/4
   413 | D        | Gained mutation: You can translocate small distances at will. [potion of mutation]
   413 | D        | Gained mutation: You are frail (-10% HP). [potion of mutation]
   414 | D        | Gained mutation: Your muscles are strong. (Str +2) [potion of mutation]
   415 | D        | Gained mutation: You evolve. [potion of mutation]
   415 | D        | Gained mutation: You are partially covered in yellow scales (AC +2). [potion of mutation]
   432 | D        | Noticed a water elemental
   443 | D        | Slain by a water elemental

Vault maps used:
D:        dungeon_sprint_mu

Action                   |  1- 3 |  4- 6 || total
-------------------------+-------+-------++-------
Melee: Flail             |    38 |     5 ||    43
  Use: Potion            |       |     3 ||     3
       Scroll            |       |     1 ||     1
